 Dungeon Crawl Stone Soup version 0.31-a0-233-g139696dc86 (webtiles) character file.

Game seed: 3144403228451938689

72 qw the Shooter (level 4, 0/36 HPs)
             Began as a Minotaur Hexslinger on July 7, 2023.
             Slain by an adder (1 damage)
             ... on level 2 of the Dungeon.
             The game lasted 00:00:35 (1163 turns).

qw the Shooter (Minotaur Hexslinger)                Turns: 1163, Time: 00:00:36

Health: 0/36       AC:  5    Str: 18    XL:     4   Next: 7%
Magic:  4/4        EV: 11    Int: 10    God:
Gold:   61         SH:  0    Dex: 15    Spells: 4/5 levels left

rFire   . . .        f - +0 sling (heavy)
rCold   . . .        (no shield)
rNeg    . . .        e - +0 ring mail
rPois   .            (helmet restricted)
rElec   .            i - scarf {repulsion}
rCorr   .            (no gloves)
SInv    .            (no boots)
Will    .....        (no amulet)
Stlth   +            n - +6 ring of strength
HPRegen 0.26/turn    (no ring)
MPRegen 0.09/turn

%: repel missiles
@: lethally poisoned (0 -> -4)
A: horns 2, retaliatory headbutt
a: no special abilities


You were on level 2 of the Dungeon.
You visited 1 branch of the dungeon, and saw 2 of its levels.

You collected 61 gold pieces.


Innate Abilities, Weirdness & Mutations

You have a pair of horns on your head.
You reflexively headbutt those who attack you in melee.


   Skills:
 - Level 2.0 Fighting
 + Level 4.5 Ranged Weapons
 - Level 2.1 Dodging
 - Level 1.0 Spellcasting
 - Level 2.0 Hexes


You had 4 spell levels left.
You knew the following spells:

 Your Spells              Type           Power      Damage    Failure   Level
a - Slow                  Hex            16%        N/A       26%         1

Your spell library contained the following spells:

 Spells                   Type           Power      Damage    Failure   Level
 Inner Flame              Hex/Fire       2%         N/A       77%         3
 Portal Projectile        Hex/Tloc       4%         N/A       77%         3
 Cause Fear               Hex            2%         N/A       95%         4

Inventory:

Hand Weapons
 f - a +0 heavy sling (weapon)
Armour
 d - a +0 cloak
 e - a +0 ring mail (worn)
 i - a scarf of repulsion (worn)
Jewellery
 n - a +6 ring of strength (left hand)
Scrolls
 b - 3 scrolls of identify
 g - a scroll of vulnerability {unknown}
Potions
 a - a potion of enlightenment {unknown}
 c - a potion of curing {unknown}
 h - a potion of lignification {unknown}
 j - 2 potions of degeneration {unknown}

Dungeon Overview and Level Annotations

Branches:
Dungeon (2/15)

Altars:


Message History

The adder barely misses you. The adder bites you but does no damage.
You shoot a sling bullet. The sling bullet hits the adder.
You kill the adder!
You feel sick.
You are no longer poisoned.
The adder bites you.
You are poisoned.
The adder poisons you! The adder bites you but does no damage.
The endoplasm misses you. The adder bites you but does no damage.
You have reached level 4!
You feel agile.
You shoot a sling bullet.
The sling bullet barely misses the adder.
You feel sick. The adder bites you but does no damage.
The endoplasm closely misses you. The adder bites you.
The endoplasm closely misses you.
You shoot a sling bullet.
The sling bullet barely misses the adder.
You feel sick.
You are no longer poisoned.
The adder bites you.
You are poisoned.
The adder poisons you! The endoplasm closely misses you.
The adder completely misses you. You furiously retaliate!
You headbutt the adder. The endoplasm freezes you.
You are frozen.
The adder misses you.
You shoot a sling bullet.
The sling bullet closely misses the adder.
You feel very sick. The adder closely misses you.
The endoplasm barely misses you. The adder bites you.
You are lethally poisoned!
The adder poisons you! The endoplasm hits you.
You shoot a sling bullet.
The sling bullet hits the adder but does no damage.
The adder is moderately wounded.
You feel very sick. The adder closely misses you.
The endoplasm closely misses you. The adder bites you.
You die...

#.#.# #. #.#####.#.# #.
.......#.# #.
#......#'### #.
#.........# #. .
#.###.....# #. ...
#..##.....# #.
##...###...#%....######.
......S@................
......J#.###%#+#######..
.......#.# #......# ##..
.......#.# #......###...
.......#.# #......##....
...#####.###......##....
... #...........+.... #.
#############.... ####.


You could see an adder and an endoplasm.

Vanquished Creatures
  2 adders (D:2)
  3 dart slugs (D:1)
  8 ball pythons
  4 bats
  An endoplasm (D:2)
  2 giant cockroaches (D:1)
  5 hobgoblins
  8 jackals (D:2)
  2 frilled lizards
  4 goblins
  2 kobolds (D:2)
  4 rats
45 creatures vanquished.

Notes
Turn   | Place    | Note
-------+----------+-------------------------------------------
     0 | D:1      | qw the Minotaur Hexslinger began the quest for the Orb.
     0 | D:1      | Reached XP level 1. HP: 16/16 MP: 1/1
     0 | D:1      | 0 ||| qw: Version: 0.3-a-46-gb1f654a
     0 | D:1      | 0 ||| qw: Game counter: 3089
     0 | D:1      | 0 ||| qw: Melee chars always use a shield: true
     0 | D:1      | 0 ||| qw: God list: Okawaru
     0 | D:1      | 0 ||| qw: Allow faded altars: false
     0 | D:1      | 0 ||| qw: Do Orc after clearing Dungeon:15 true
     0 | D:1      | 0 ||| qw: Do second Lair branch before Depths: true
     0 | D:1      | 0 ||| qw: Lair rune preference: random
     0 | D:1      | 0 ||| qw: Goals: Normal
     0 | D:1      | 0 ||| PLANNING D:1-11
    94 | D:1      | Reached skill level 3 in Ranged Weapons
    96 | D:1      | Reached XP level 2. HP: 10/23 MP: 2/2
    97 | D:1      | 97 ||| FLEEEEING.
    99 | D:1      | 99 ||| FLEEEEING.
   100 | D:1      | 100 ||| FLEEEEING.
   101 | D:1      | 101 ||| FLEEEEING.
   102 | D:1      | 102 ||| FLEEEEING.
   103 | D:1      | 103 ||| FLEEEEING.
   104 | D:1      | 104 ||| FLEEEEING.
   105 | D:1      | 105 ||| FLEEEEING.
   106 | D:1      | 106 ||| FLEEEEING.
   107 | D:1      | 107 ||| FLEEEEING.
   108 | D:1      | 108 ||| FLEEEEING.
   109 | D:1      | 109 ||| FLEEEEING.
   110 | D:1      | 110 ||| FLEEEEING.
   111 | D:1      | 111 ||| FLEEEEING.
   112 | D:1      | 112 ||| FLEEEEING.
   113 | D:1      | 113 ||| FLEEEEING.
   114 | D:1      | 114 ||| FLEEEEING.
   538 | D:1      | 538 ||| UPGRADING to +0 cloak.
   543 | D:1      | 543 ||| UPGRADING to +0 ring mail.
   553 | D:1      | 553 ||| DROPPING +0 robe.
   554 | D:1      | 554 ||| UPGRADING to scarf of repulsion.
   564 | D:1      | 564 ||| UPGRADING to +6 ring of strength.
   565 | D:1      | 565 ||| READING scroll labelled DOATIUHIMA.
   566 | D:1      | 566 ||| READING scroll labelled SIGRUFILOE.
   567 | D:1      | 567 ||| READING scroll labelled YRCHIR QEHOIPO.
   568 | D:1      | 568 ||| READING scroll labelled DAECWOTAEDGH.
   614 | D:1      | 614 ||| READING scroll labelled DELEOV WUOVEU.
   618 | D:1      | 618 ||| READING scroll labelled OLEONG NAYFISH.
   719 | D:1      | 719 ||| DROPPING scroll of poison.
   804 | D:2      | Reached XP level 3. HP: 29/29 MP: 3/3
   881 | D:2      | 881 ||| SWAPPING to +0 heavy sling.
   882 | D:2      | 882 ||| DROPPING +1 sling.
   976 | D:2      | Reached skill level 4 in Ranged Weapons
  1160 | D:2      | Reached XP level 4. HP: 19/36 MP: 4/4
  1161 | D:2      | HP: 8/36 [frozen (4)]
  1162 | D:2      | HP: 3/36 [endoplasm (1)]
  1163 | D:2      | HP: 1/36 [poisoned by an adder]
  1163 | D:2      | Slain by an adder

Levels and vault maps discovered:
D:1:      enne_arrival_octagon_isle, layout_basic
D:2:      layout_basic, st_stairs_13

Skill      XL: |  1  2  3 |
---------------+----------+-----
Ranged Weapons | 3 4 |  4.5
Fighting       | 2 |  2.0
Dodging        | |  2.1
Spellcasting   | |  1.0
Hexes          | |  2.0

Action                     |  1- 3 |  4- 6 || total
---------------------------+-------+-------++-------
   Fire: Sling             |   116 |     4 ||   120
    Use: Scroll            |     6 |       ||     6
 Armour: Robe              |     8 |       ||     8
         Ring mail         |    23 |     1 ||    24
  Dodge: Dodged            |    48 |     9 ||    57

Table legend:
 A = Non-vault XP
 B = Vault XP
 C = Vault XP percentage of total XP
 D = Non-vault monster count
 E = Vault monster count
 F = Vault count percentage of total count
                 A         B        C        D         E       F
            +---------+---------+-------+---------+---------+-------
      Total |     102 |       2 |   1.9 |      44 |       1 |   2.2
            +---------+---------+-------+---------+---------+-------
        D:1 |      40 |       0 |   0.0 |      21 |       0 |   0.0
        D:2 |      62 |       2 |   3.1 |      23 |       1 |   4.2
            +---------+---------+-------+---------+---------+-------
